 Dungeon Crawl Stone Soup version 0.30.1-9-gdf580d7c3d (webtiles) character file.

Game seed: 1720309663569305435

58 TangoThomas the Chopper (level 3, -6/29 HPs)
             Began as a Demonspawn Chaos Knight on Sept 27, 2023.
             Was a Plaything of Xom.
             Engulfed by Sigmund the fire crab (shapeshifter)'s flame (17 damage)
             ... on level 2 of the Dungeon.
             The game lasted 00:02:22 (1372 turns).

TangoThomas the Chopper (Demonspawn Chaos Knight)   Turns: 1372, Time: 00:02:23

Health: -6/29      AC:  5    Str: 14    XL:     3   Next: 76%
Magic:  3/3        EV: 11    Int: 13    God:    Xom [..*...]
Gold:   103        SH:  0    Dex: 12    Spells: 2/2 levels left

rFire   . . .        a - +0 hand axe (chaos)
rCold   . . .        (no shield)
rNeg    + . .        b - +2 leather armour
rPois   .            (no helmet)
rElec   .            (no cloak)
rCorr   .            (no gloves)
SInv    .            (no boots)
Will    .....        (no amulet)
Stlth   +            i - ring of positive energy
HPRegen 0.24/turn    (no ring)
MPRegen 0.08/turn

%: no passive effects
@: no status effects
A: hooves 1
a: Renounce Religion


You were on level 2 of the Dungeon.
You worshipped Xom.
You were a toy of Xom.
You visited 1 branch of the dungeon, and saw 2 of its levels.

You collected 103 gold pieces.

Inventory:

Hand Weapons
 a - a +0 hand axe of chaos (weapon)
 l - a +2 whip of electrocution
Armour
 b - a +2 leather armour (worn)
 j - a +0 robe of cold resistance
Jewellery
 i - a ring of positive energy (left hand)
Scrolls
 d - 2 scrolls of identify
 g - a scroll of immolation
 h - a scroll of blinking
Potions
 e - a potion of cancellation {unknown}
 f - a potion of flight {unknown}
 k - a potion of curing {unknown}
Miscellaneous
 c - a piece from Xom's chessboard (15/15) (quivered)


   Skills:
 + Level 3.5 Fighting
 * Level 3.6 Axes
 - Level 1.7 Armour
 + Level 1.7 Dodging


You had 2 spell levels left.
You didn't know any spells.
Your spell library contained the following spells:

 Spells                   Type           Power      Damage    Failure   Level
 Kiss of Death            Conj/Necr      0%         2d5       36%         1
 Blink                    Tloc           0%         N/A       50%         2
 Lesser Beckoning         Tloc           0%         N/A       50%         2
 Momentum Strike          Conj/Tloc      0%         3d8       50%         2
 Sublimation of Blood     Necr           0%         N/A       50%         2
 Wereblood                Tmut           0%         N/A       50%         2
 Confusing Touch          Hex            0%         N/A       75%         3
 Dispel Undead            Necr           0%         3d6       98%         4
 Summon Hydra             Summ           0%         N/A       100%        7


Dungeon Overview and Level Annotations

Branches:
Dungeon (2/15)

Altars:

Annotations:
D:2 Sigmund


Innate Abilities, Weirdness & Mutations

You have large cloven feet.


Message History

The bat closely misses you. The endoplasm closely misses you.
The bat closely misses you.
You hit the endoplasm.
The endoplasm seems to slow down.
You kick the endoplasm.
You kill the endoplasm!
You miss the bat. The bat barely misses you. The bat closely misses you.
You hit the bat.
You kill the bat!
No target in view!
No target in view!
There is a shaft here.
A frilled lizard comes into view.
The frilled lizard hisses angrily.
You slash the frilled lizard!
You kill the frilled lizard!
No target in view!
No target in view!
You see here a frilled lizard corpse.
There is a stone staircase leading up here.
You see here a +0 dagger.
Found a stone staircase leading up. "Let's go for a ride!"
Your surroundings suddenly seem different.
Sigmund the Dreaded comes into view.
He is wielding a +0 scythe and wearing a +2 robe of positive energy.
Sigmund hits you with a +0 scythe.
You hit Sigmund but do no damage.
Sigmund changes into a shapeshifter!
Sigmund the shapeshifter changes into a fire crab!
You hit Sigmund but do no damage. Sigmund barely misses you. Sigmund claws you.
You are engulfed in flames!
As you read the scroll labelled YNENEH TESEACW, it crumbles to dust.
It is a scroll of identify.
g - a scroll of immolation Sigmund breathes flames at you.
The blast of flame engulfs you.
As you read the scroll of identify, it crumbles to dust.
h - a scroll of blinking You are engulfed in blazing flames.
Ouch! That really hurt!
You die...
Xom guffaws!

#.#...####.### #..# #.
#.#.).##.....# #..# #.
#####.#..###.....###..# #.
#.....................# #.
#.###............###..# #. #.#
#.##.###.....# #..#######. #.#
#.##.# #○#.### #.......... #.#
#.##.###○#○# #.......#..
####.###.......t@○# #.......###
†........##.##.○○## #..........
####.######.#.....######......###
#†# #..........###......# #.#
###..<..#...####.##.# #.###
##.............##.# #...#
##.###...#######.# ###.# ###
##.## #.### #.# ##.## #...#


You could see Sigmund the fire crab shaped shifter.

Vanquished Creatures
  2 adders (D:2)
  A dart slug (D:1)
  2 ball pythons
  8 bats
  5 endoplasms
  2 giant cockroaches (D:1)
  3 goblins
  2 hobgoblins
  3 frilled lizards (D:2)
  3 kobolds
  4 rats
35 creatures vanquished.

Notes
Turn   | Place    | Note
-------+----------+-------------------------------------------
     0 | D:1      | TangoThomas the Demonspawn Chaos Knight began the quest for
                  | the Orb.
     0 | D:1      | Reached XP level 1. HP: 18/18 MP: 1/1
    58 | D:1      | XOM: smoke on damage
   114 | D:1      | Reached skill level 1 in Dodging
   168 | D:1      | Gained mutation: You have large cloven feet. [demonic
                  | ancestry]
   168 | D:1      | Reached XP level 2. HP: 24/24 MP: 2/2
   469 | D:1      | XOM: silly message
   880 | D:2      | Reached XP level 3. HP: 28/29 MP: 3/3
   999 | D:2      | XOM: cloud trail
  1350 | D:2      | XOM: 1-stop teleportation journey
  1367 | D:2      | Noticed Sigmund
  1369 | D:2      | Sigmund changed into Sigmund the shapeshifter
  1369 | D:2      | Noticed Sigmund (shapeshifter)
  1369 | D:2      | Sigmund the shapeshifter changed into Sigmund the fire crab
  1369 | D:2      | Noticed Sigmund (shapeshifter)
  1372 | D:2      | Engulfed by Sigmund the fire crab (shapeshifter)'s flame

Illustrated notes

Levels and vault maps discovered:
D:1:      dpeg_arrival_arbitrary_a, layout_basic, kennysheep_nondescript
D:2:      layout_loops_ring, amcnicky_mini_rare_corridor_liquid,
          small_statue_intersection, dreamdust_princess_corridor, uniq_sigmund

Skill      XL: |  1 |
---------------+----+-----
Dodging        | 1 |  1.7
Axes           | 3 |  3.6
Fighting       | |  3.5
Armour         | |  1.7

Action                     || total
---------------------------++-------
  Melee: Hand axe          ||    92
         Kick              ||    13
         Punch             ||     1
    Use: Scroll            ||     2
 Armour: Leather armour    ||    47
  Dodge: Dodged            ||    69
